 Dungeon Crawl Stone Soup version 0.14-a0-181-gf6fe0c6 (webtiles) character file.

329 PolkaDot the Ruffian (level 5, -2/49 HPs)
             Began as a Troll Death Knight on Oct 6, 2013.
             Was a Priest of Yredelemnul.
             Slain by a gnoll
             ... wielding a +0,+0 halberd
              (9 damage)
             ... on Level 4 of the Dungeon.
             The game lasted 00:06:28 (1986 turns).

PolkaDot the Ruffian (Troll Death Knight)           Turns: 1986, Time: 00:06:29

HP  -2/49        AC  7     Str 21      XL: 5   Next: 29%
MP   3/5         EV  9     Int  7      God: Yredelemnul [***...]
Gold 154         SH  0     Dex 10      Spells:  0 memorised,  4 levels left

Res.Fire  : . . .   See Invis. : +     - Unarmed
Res.Cold  : . . .   Warding    : .   b - +0 robe
Life Prot.: . . .   Conserve   : .   (shield restricted)
Res.Poison: .       Res.Corr.  : .   (helmet restricted)
Res.Elec. : .       Clarity    : .   o - +1 cloak
Sust.Abil.: . .     Spirit.Shd : .   (gloves unavailable)
Res.Mut.  : .       Stasis     : .   (boots unavailable)
Res.Rott. : .       Flight     : .   (no amulet)
Gourmand  : +                        (no ring)
                                     c - ring of see invisible

@: glowing, slightly resistant to hostile enchantments, very unstealthy
A: unfitting armour, claws 3, fast metabolism 3, gourmand, regeneration 2,
saprovore 2, tough skin 2, AC +1
a: Animate Dead, Recall Undead Slaves, Injury Mirror, Renounce Religion


You were on level 4 of the Dungeon.
You worshipped Yredelemnul.
Yredelemnul was most pleased with you.
You were not hungry.

You visited 1 branch of the dungeon, and saw 4 of its levels.

You collected 134 gold pieces.

Inventory:

Armour
 b - a +0 robe (worn)
 o - a +1 cloak (worn)
Magical devices
 k - a wand of slowing (14)
Comestibles
 a - 2 meat rations
 j - a bread ration
 l - a pear
Jewellery
 c - a ring of see invisible (left claw)
Potions
 d - a potion of restore abilities {unknown}
 e - 4 potions of heal wounds {unknown}
 f - a potion of invisibility {unknown}
 h - a potion of curing {unknown}


   Skills:
 - Level 1.5 Fighting
 - Level 1.2 Dodging
 + Level 5.6 Unarmed Combat
 - Level 2.4 Invocations


You had 4 spell levels left.
You didn't know any spells.

Dungeon Overview and Level Annotations

Branches:
Dungeon (4/27)
 Temple: D:4-7

Altars:
Okawaru
Vehumet


Innate Abilities, Weirdness & Mutations

You are too large for most types of armour.
You have claws for hands.
Your metabolism is lightning-fast.
You like to eat raw meat.
You heal very quickly.
You can eat rotten meat.
You are covered in fur (AC +1).
You have very tough skin (AC +2).


Message History

There is an open door, spattered with blood here.
Things that are here:
an uncursed whip; a gnoll corpse; an uncursed club; an uncursed club Use which ability? (? or * to list)
You call on the dead to rise...
The dead are walking!
You feel somewhat more hungry.
The gnoll hits you from afar with a halberd!
* * * LOW HITPOINT WARNING * * *
Found an escape hatch in the ceiling.
You are too injured to fight recklessly!
Your gnoll zombie closely misses the gnoll.
You completely miss the gnoll. The gnoll hits you with a halberd!
* * * LOW HITPOINT WARNING * * *
Your gnoll zombie hits the gnoll with an uncursed whip!
You hit the gnoll.
The gnoll begins to bleed from its wounds!
The gnoll is almost dead.
The gnoll hits you with a halberd!
You die...
Your body rises from the dead as a mindless zombie.

#.................
#.................
#......>......##.
#............#.#
#####'##....#.#.#
#)..##....##.#
######)####...#.##
#((....z.....#.#.
#......z@....##.
#.......g...#....
#...............
#..$.......##..+
..!.......# ##
.........+
.......<# .......#
###


You could see a gnoll (bleeding) and 2 friendly gnoll zombies.

Vanquished Creatures
  A gnoll shaman (D:4)
  4 gnolls (D:4)
  4 adders
  2 worms (D:2)
  An iguana skeleton (D:3)
  An orc (D:3)
  2 ball pythons (D:1)
  A giant cockroach (D:2)
  4 goblins
  6 hobgoblins
  3 jackals (D:1)
  A quokka (D:2)
  3 training dummies (D:3)
  12 bats
  A giant newt (D:1)
  11 kobolds
  5 rats
62 creatures vanquished.

Vanquished Creatures (collateral kills)
  A training dummy (D:3)
1 creature vanquished.

Grand Total: 63 creatures vanquished

Notes
Turn   | Place    | Note
--------------------------------------------------------------
     0 | D:1      | PolkaDot, the Troll Death Knight, began the quest for the Orb.
     0 | D:1      | Reached XP level 1. HP: 20/20 MP: 2/2
     2 | D:1      | Noticed an octopode
     2 | D:1      | Noticed a human
     4 | D:1      | Noticed a dwarf
     6 | D:1      | Noticed a vampire
     6 | D:1      | Noticed a demonspawn
     8 | D:1      | Noticed a spriggan
     8 | D:1      | Noticed a minotaur
    10 | D:1      | Noticed a draconian
    12 | D:1      | Noticed a tengu
    14 | D:1      | Noticed an ogre
    16 | D:1      | Noticed a ghoul
    16 | D:1      | Noticed an elf
    18 | D:1      | Noticed a demigod
    18 | D:1      | Noticed a merfolk
    20 | D:1      | Noticed a naga
    20 | D:1      | Noticed a felid
    22 | D:1      | Noticed a troll
    22 | D:1      | Noticed a centaur
   209 | D:1      | Reached XP level 2. HP: 25/28 MP: 2/2
   245 | D:1      | Reached skill level 3 in Unarmed Combat
   551 | D:1      | Acquired Yredelemnul's second power
   751 | D:2      | Reached XP level 3. HP: 6/35 MP: 4/4
  1002 | D:2      | Reached skill level 4 in Unarmed Combat
  1279 | D:3      | Reached XP level 4. HP: 34/42 MP: 4/4
  1505 | D:3      | Found a radiant altar of Vehumet.
  1618 | D:3      | Found an iron altar of Okawaru.
  1960 | D:4      | Reached skill level 5 in Unarmed Combat
  1965 | D:4      | Reached XP level 5. HP: 42/49 MP: 5/5
  1977 | D:4      | Acquired Yredelemnul's third power
  1986 | D:4      | Slain by a gnoll

Action                   |  1- 3 |  4- 6 || total
-------------------------+-------+-------++-------
Melee: Unarmed           |   132 |    60 ||   192
Invok: Animate Remains   |       |     6 ||     6
       Animate Dead      |       |     1 ||     1
  Use: Scroll            |       |    11 ||    11
 Stab: Distracted        |       |     1 ||     1
